[Event "Landsturneringen 2023"]
[Site "Vallhall, Oslo"]
[Date "2023.07.01"]
[Round "1"]
[White "Engedal, Jo Frønsdal"]
[Black "Kreken, Eivind Grunt"]
[Result "0-1"]
[WhiteElo "1717"]
[BlackElo "2101"]
[TimeControl "40/5400+30:1800+30"]
[BlackFideId "1532359"]
[WhiteFideId "1532332"]

1. e4 c5 2. Nf3 a6 3. d4 cxd4 4. Nxd4 Nf6 5. Nc3 e5 6. Nf3 Bb4 7. Bd2 d6 8.
Nd5 Nxd5 9. exd5 Bc5 10. b4 Ba7 11. c4 O-O 12. Bc3 Nd7 13. Be2 Nf6 14. Qc2
g6 15. O-O Bf5 16. Bd3 Bxd3 17. Qxd3 e4 18. Bxf6 exd3 19. Bxd8 Rfxd8 20.
Rfd1 Rac8 21. Rac1 b5 22. Rxd3 Rxc4 23. Rxc4 bxc4 24. Rc3 Rb8 25. Rxc4 a5
26. a3 Bc5 27. Nd2 axb4 28. axb4 Bxb4 29. Ne4 f5 30. Ng3 Bc5 31. Rc2 Rb1+
32. Nf1 Kf7 33. g3 Kf6 34. Rd2 Ke5 35. Kg2 Bd4 36. f4+ Kxd5 37. Ne3+ Ke4
38. Nc4 d5 39. Na3 Rg1+ 40. Kh3 Be3 41. Rc2 d4 42. Rc7 d3 43. Re7+ Kf3 44.
Nc4 d2 45. Rxe3+ Kf2 46. Rd3 d1=Q 47. Rxd1 Rxd1 48. Kh4 Rh1 49. h3 Rg1 50.
g4 fxg4 51. hxg4 h6 0-1

[Event "Landsturneringen 2023"]
[Site "Vallhall, Oslo"]
[Date "2023.07.01"]
[Round "1"]
[White "Sandstad, Linus"]
[Black "Wernberg, Nikolai Olsen"]
[Result "0-1"]
[WhiteElo "1919"]
[BlackElo "1685"]
[TimeControl "40/5400+30:1800+30"]
[BlackFideId "1542770"]
[WhiteFideId "1552376"]

1. d4 d5 2. c4 dxc4 3. Nf3 Nf6 4. e3 b5 5. a4 b4 6. Bxc4 e6 7. O-O Be7 8.
b3 O-O 9. Bb2 Nbd7 10. Qe2 c5 11. Rd1 Qa5 12. Nbd2 Bb7 13. Bd3 Rac8 14. Nc4
Qc7 15. Rac1 Qb8 16. Nce5 Nxe5 17. dxe5 Nd5 18. Qc2 g6 19. Nd2 Rfd8 20. Ne4
Qa8 21. Ba1 Nb6 22. Nd6 Bxg2 23. Nxc8 Rxc8 24. f4 Bc6 25. e4 c4 26. Bxc4
Bxe4 27. Qf2 Nxc4 28. bxc4 b3 29. Rd7 Bc5 30. Bd4 Qc6 31. Bxc5 Qxd7 32. Bd4
Qxa4 33. Qe1 Bd3 34. Qd2 Bxc4 35. Ra1 Qc6 36. Rxa7 Qf3 37. Bf2 Bd5 38. Kf1
Qg2+ 39. Ke1 Qh1+ 0-1

[Event "Landsturneringen 2023"]
[Site "Vallhall, Oslo"]
[Date "2023.07.01"]
[Round "1"]
[White "Skaar, Ben Samuel Groth"]
[Black "Stolp, Aleksander"]
[Result "1/2-1/2"]
[WhiteElo "2161"]
[BlackElo "1846"]
[TimeControl "40/5400+30:1800+30"]
[BlackFideId "1541501"]
[WhiteFideId "1552660"]

1. Nc3 d5 2. e4 dxe4 3. Nxe4 Nf6 4. Nxf6+ exf6 5. d4 Bd6 6. Bd3 O-O 7. Ne2
Re8 8. O-O Nd7 9. Ng3 g6 10. Ne4 Be7 11. Bf4 f5 12. Nc3 Nb6 13. Qf3 c6 14.
Rad1 Be6 15. b3 a5 16. a4 f6 17. Qg3 Qd7 18. Bc7 Bd8 19. Bxb6 Bxb6 20. d5
Bf7 21. dxc6 bxc6 22. Be4 Qc8 23. Bf3 Bc7 24. Qh4 Be5 25. Rd3 Qc7 26. g3
Rad8 27. Re3 Rd2 28. Nb1 Rxc2 29. Na3 Rc3 30. Rxc3 Bxc3 31. Rc1 Re1+ 32.
Rxe1 Bxe1 33. Qd4 Qe5 34. Qxe5 fxe5 35. Bxc6 Bxb3 36. Bb5 Kg7 37. Nc4 Kf6
38. Kf1 Bb4 39. Ke2 Ke6 40. Kd3 Kd5 41. Nb6+ Kd6 42. Nc4+ Ke6 43. f3 g5 44.
Nb6 Kd6 45. Nc4+ Ke6 46. Nb6 Kd6 47. Nc4+ Ke6 1/2-1/2

[Event "Landsturneringen 2023"]
[Site "Vallhall, Oslo"]
[Date "2023.07.01"]
[Round "1"]
[White "Ytrestøyl, Sindre Lyngsaunet"]
[Black "Langvik, Ulrikke"]
[Result "1-0"]
[WhiteElo "2061"]
[BlackElo "1698"]
[TimeControl "40/5400+30:1800+30"]
[BlackFideId "1517910"]
[WhiteFideId "1547356"]

1. e4 e6 2. d4 d5 3. exd5 exd5 4. Nf3 Bd6 5. Bd3 Bg4 6. h3 Bh5 7. O-O Ne7
8. Nbd2 f5 9. c4 O-O 10. c5 Bf4 11. Re1 Ng6 12. Qb3 Bxd2 13. Nxd2 Nc6 14.
Qxb7 Nxd4 15. Nf1 Rb8 16. Qa6 Nh4 17. Nh2 Rf6 18. Bg5 Rxa6 19. Bxd8 Nhf3+
20. Nxf3 Nxf3+ 21. gxf3 Rg6+ 22. Kf1 Rxd8 23. Bxf5 Rc6 24. b4 Bxf3 25. Re3
Bh5 26. Re5 Bf7 27. Rd1 Ra6 28. Re7 c6 29. Rd2 g6 30. Bd3 Ra4 31. Rb7 Be6
32. Kg2 d4 33. Be4 Bxa2 34. Bxc6 Ra6 35. Be4 Re6 36. Rxa7 Rxe4 37. Raxa2
Rb8 38. Rab2 Kf7 39. Kf3 Rh4 40. Kg3 g5 41. b5 Ke6 42. Rb4 Kd5 43. c6 Rc8
44. f3 Kc5 45. Rb1 Rf4 46. Rc2+ Kb6 47. Ra2 Rff8 48. Ra6+ Kc5 49. Ra7 d3
50. Rxh7 Rb8 51. c7 Rxb5 52. c8=Q+ Rxc8 53. Rc1+ Kd4 54. Rd7+ Ke3 55. Rxc8
Rb1 56. Re8+ Kd2 57. Red8 Rb3 58. Kg4 Ke3 59. Rxd3+ Rxd3 60. Rxd3+ 1-0

[Event "Landsturneringen 2023"]
[Site "Vallhall, Oslo"]
[Date "2023.07.01"]
[Round "1"]
[White "Engvik, Kim Andre"]
[Black "Amundsen, Ask"]
[Result "0-1"]
[WhiteElo "1560"]
[BlackElo "1918"]
[TimeControl "40/5400+30:1800+30"]
[BlackFideId "1528726"]
[WhiteFideId "1566938"]

1. e4 c6 2. Nf3 d5 3. Nc3 dxe4 4. Nxe4 Nf6 5. Qe2 Nxe4 6. Qxe4 Nd7 7. Bc4
Nf6 8. Ne5 e6 9. Qe2 Be7 10. O-O O-O 11. Rd1 c5 12. b3 a6 13. a4 Nd7 14.
Bb2 Nxe5 15. Bxe5 Bf6 16. d4 cxd4 17. Rxd4 Qe7 18. Rad1 Re8 19. Rd6 Kf8 20.
Rxe6 Bxe6 21. Bd6 Qxd6 22. Rxd6 Bxc4 23. Qxc4 Re1+ 24. Qf1 Rxf1+ 25. Kxf1
Rd8 0-1

[Event "Landsturneringen 2023"]
[Site "Vallhall, Oslo"]
[Date "2023.07.01"]
[Round "1"]
[White "Hansen, Thobias Gotaas"]
[Black "Hestholm, Gustav"]
[Result "0-1"]
[WhiteElo "1689"]
[BlackElo "1944"]
[TimeControl "40/5400+30:1800+30"]
[BlackFideId "1529153"]
[WhiteFideId "1548530"]

1. e4 c5 2. Nf3 d6 3. d4 cxd4 4. Nxd4 Nf6 5. Nc3 Nc6 6. Nd5 Nxd5 7. exd5
Qa5+ 8. Bd2 Qxd5 9. Nb5 Qe6+ 10. Be2 Qd7 11. c4 a6 12. Qa4 Rb8 13. Bc3 b6
14. Na3 Ne5 15. Qc2 Qf5 16. Qd2 Bb7 17. f3 e6 18. O-O-O Ng6 19. Nc2 e5 20.
Ne3 Qe6 21. Bd3 Ne7 22. Qf2 g6 23. f4 Bh6 24. fxe5 dxe5 25. Rhe1 O-O 26.
Kb1 Bxe3 27. Qxe3 f6 28. g3 Rbd8 29. Be4 Bxe4+ 30. Qxe4 Qf5 31. Qxf5 Nxf5
32. Rf1 Ne3 33. Rxd8 Rxd8 0-1

[Event "Landsturneringen 2023"]
[Site "Vallhall, Oslo"]
[Date "2023.07.01"]
[Round "1"]
[White "Sveggen, Amadeus S."]
[Black "Morad, Haider M"]
[Result "0-1"]
[WhiteElo "1517"]
[BlackElo "1859"]
[TimeControl "40/5400+30:1800+30"]
[BlackFideId "1555634"]
[WhiteFideId "1567853"]

1. b3 b6 2. Bb2 Bb7 3. c4 Nf6 4. Nf3 g6 5. g4 Bg7 6. Qc2 c5 7. h4 Rg8 8. h5
Nxg4 9. hxg6 fxg6 10. Bxg7 Rxg7 11. Rxh7 Rg8 12. Ng5 e6 13. f4 Qf6 14. Nc3
Qxf4 15. Nh3 Qg3+ 16. Kd1 Nc6 17. Kc1 O-O-O 18. Kb1 Nd4 19. Qd1 Rgf8 20.
Kb2 Ne5 21. e3 Ndc6 22. Rc1 Nb4 23. Nf4 Rxf4 24. exf4 Bf3 25. Ne2 Ned3+ 26.
Kb1 Bxe2 27. Bxe2 Nxc1 28. Qxc1 Qxf4 29. Qh1 Qf5+ 30. d3 Nc6 31. Kc2 Qe5
32. Bf3 Nb4+ 33. Kd2 Qb2+ 34. Ke3 Qd4+ 35. Ke2 Qxd3+ 36. Kf2 Rf8 37. Rh3
Nc2 38. Kg1 Qe3+ 39. Kh2 Qe5+ 40. Kg2 Ne1+ 41. Kg1 Qe3+ 42. Kf1 Rxf3+ 43.
Rxf3 Qxf3+ 0-1

[Event "Landsturneringen 2023"]
[Site "Vallhall, Oslo"]
[Date "2023.07.02"]
[Round "2"]
[White "Kreken, Eivind Grunt"]
[Black "Amundsen, Ask"]
[Result "1-0"]
[WhiteElo "2101"]
[BlackElo "1918"]
[TimeControl "40/5400+30:1800+30"]
[BlackFideId "1528726"]
[WhiteFideId "1532359"]

1. c4 c5 2. g3 Nf6 3. Bg2 g6 4. Nc3 Bg7 5. Nf3 O-O 6. d4 cxd4 7. Nxd4 a6 8.
O-O Qc7 9. Nd5 Nxd5 10. cxd5 e5 11. dxe6 dxe6 12. Be3 Rd8 13. Rc1 Qe7 14.
Qc2 e5 15. Nb3 Nc6 16. Qc5 Qxc5 17. Nxc5 Nd4 18. Bxd4 exd4 19. Nxb7 Bxb7
20. Bxb7 Ra7 21. Be4 d3 22. Bxd3 Bxb2 23. Rc6 a5 24. Rb1 Bd4 25. a4 Rdd7
26. Rb5 Kg7 27. g4 h6 28. Kg2 Bf6 29. Rcc5 Be7 30. Rc4 Bf6 31. Kg3 Rd4 32.
Rxd4 Bxd4 33. Be4 Re7 34. Bd3 Bc3 35. h4 Rd7 36. Rc5 Bb4 37. Rc4 Bd2 38.
Rc6 Be1 39. Bc4 Bd2 40. Kf3 Be1 41. h5 g5 42. Kg2 Rd4 43. f3 Rd7 44. Rc5
Bb4 45. Rf5 Rc7 46. Bb3 Re7 47. Kf2 Bd2 48. Bc4 Be3+ 49. Kg2 Bd2 50. Rd5
Rc7 51. Bd3 Re7 52. Be4 Bc3 53. Kf2 Re5 54. Rd7 Bb4 55. Ke3 Re7 56. Rd5 Bc3
57. Kd3 Rc7 58. Rd8 Bf6 59. Ra8 Rc3+ 60. Kd2 Rc5 61. Ra7 Bc3+ 62. Kd3 Be5
63. Rd7 Rc3+ 64. Kd2 Rc7 65. Rd5 Bf6 66. Rb5 Bd4 67. e3 Bf6 68. Kd3 Bc3 69.
Ke2 Bb4 70. Kf2 Re7 71. Rd5 Rc7 72. f4 Rc5 73. Rd7 gxf4 74. exf4 Rc4 75.
Kf3 Rc3+ 76. Bd3 Ra3 77. g5 Be7 78. g6 Kf6 79. Kg4 Rxa4 80. g7 Kxg7 81.
Rxe7 Kf6 82. Ra7 Ra1 83. Bc4 Rg1+ 84. Kf3 Kg7 85. Rxf7+ Kh8 86. Rf8+ Kh7
87. Ra8 a4 88. Rxa4 Kh8 89. Ra6 Kh7 90. Bd3+ Kg7 91. Rg6+ Kh8 92. Rxh6+ 1-0

[Event "Landsturneringen 2023"]
[Site "Vallhall, Oslo"]
[Date "2023.07.02"]
[Round "2"]
[White "Wernberg, Nikolai Olsen"]
[Black "Skaar, Ben Samuel Groth"]
[Result "1/2-1/2"]
[WhiteElo "1685"]
[BlackElo "2161"]
[TimeControl "40/5400+30:1800+30"]
[BlackFideId "1552660"]
[WhiteFideId "1542770"]

1. Nf3 e6 2. c4 d5 3. e3 Nf6 4. Nc3 Be7 5. d4 c6 6. Bd3 O-O 7. O-O dxc4 8.
Bxc4 b5 9. Bd3 Nbd7 10. e4 b4 11. Ne2 h6 12. e5 Nd5 13. Bc2 Re8 14. Qd3 Nf8
15. Ba4 Qb6 16. Bd2 Rd8 17. Rac1 Ba6 18. Qe4 Rac8 19. Rfd1 c5 20. dxc5 Bxc5
21. Be1 Bb7 22. Qb1 Ne7 23. Bc2 Rxd1 24. Rxd1 Bxf3 25. gxf3 Qc7 26. f4
Bxf2+ 27. Kxf2 Qxc2 28. Qxc2 Rxc2 29. Rd2 Rxd2 30. Bxd2 a5 31. a3 bxa3 32.
bxa3 Nc6 33. Ke3 Nd7 34. Nd4 Ndb8 35. Nb3 Kf8 36. Nxa5 Nxa5 37. Bxa5 Ke7
38. Bb4+ Ke8 39. Kd4 Nd7 40. a4 Kd8 41. Kc4 Kc7 42. Kb5 g5 43. Bd6+ Kb7 44.
fxg5 hxg5 45. a5 f6 46. Be7 Nxe5 47. Bxf6 Nf3 48. Kc5 g4 49. Kd6 Nxh2 50.
Kxe6 Nf3 51. Bd8 Nd4+ 52. Kd5 g3 53. Bh4 g2 54. Bf2 g1=N 55. Bxg1 Ka8
1/2-1/2

[Event "Landsturneringen 2023"]
[Site "Vallhall, Oslo"]
[Date "2023.07.02"]
[Round "2"]
[White "Morad, Haider M"]
[Black "Ytrestøyl, Sindre Lyngsaunet"]
[Result "0-1"]
[WhiteElo "1859"]
[BlackElo "2061"]
[TimeControl "40/5400+30:1800+30"]
[BlackFideId "1547356"]
[WhiteFideId "1555634"]

1. e4 c6 2. d4 d5 3. exd5 cxd5 4. Bd3 Nc6 5. c3 Nf6 6. Bf4 Bg4 7. Qb3 Qd7
8. Nd2 e6 9. Ngf3 a6 10. h3 Bh5 11. Ne5 Nxe5 12. dxe5 Ng8 13. c4 Ne7 14.
O-O Rd8 15. Be3 dxc4 16. Nxc4 Qxd3 17. Nd6+ Rxd6 18. exd6 Qxb3 19. axb3 Nd5
20. Rac1 Kd7 21. Bd4 Bxd6 22. g4 Bg6 23. Bxg7 Rg8 24. Bh6 Bd3 25. Rfd1 Bb5
26. Rd4 Rg6 27. Bd2 Be5 28. Re4 Bxb2 29. Rd1 f5 30. Rc4 Bf6 31. Kh1 Bxc4
32. bxc4 Ne7 33. g5 Bd4 34. Be3 e5 35. Bxd4 Rd6 36. Rb1 exd4 37. Rxb7+ Ke6
38. c5 Rc6 39. Kg2 Rxc5 40. Kf1 d3 41. Ke1 Rc1+ 42. Kd2 Rc2+ 43. Kxd3 Rxf2
44. Rb6+ Kf7 45. Rxa6 Rf3+ 46. Kd4 Rxh3 47. Rf6+ Kg7 48. Re6 Ng6 49. Ra6
Rh4+ 50. Kd5 Re4 51. Rf6 Re5+ 52. Kd4 f4 53. Rxf4 Nxf4 54. Kxe5 Ng6+ 55.
Ke6 Nf8+ 56. Ke7 Kg6 57. Kxf8 Kxg5 0-1

[Event "Landsturneringen 2023"]
[Site "Vallhall, Oslo"]
[Date "2023.07.02"]
[Round "2"]
[White "Stolp, Aleksander"]
[Black "Sandstad, Linus"]
[Result "1-0"]
[WhiteElo "1846"]
[BlackElo "1919"]
[TimeControl "40/5400+30:1800+30"]
[BlackFideId "1552376"]
[WhiteFideId "1541501"]

1. d4 d5 2. Nf3 Nf6 3. Bf4 c5 4. e3 Nc6 5. Nbd2 cxd4 6. exd4 Bf5 7. c3 e6
8. Qb3 Bd6 9. Bxd6 Qxd6 10. Be2 h6 11. O-O O-O 12. Rfe1 Rfc8 13. a4 Na5 14.
Qa3 Qc7 15. Ne5 Nd7 16. Ndf3 Nb6 17. Qb4 Nc6 18. Nxc6 bxc6 19. Ba6 Rcb8 20.
Qa5 Qd6 21. b4 Nd7 22. Ne5 Nf6 23. Qc5 Qc7 24. Nxc6 Re8 25. b5 Qf4 26. f3
g5 27. Qa3 Kh7 28. Qc1 Qc7 29. Qe3 Nd7 30. Qf2 Nb8 31. Nxb8 Raxb8 32. Qe3
f6 33. Rec1 Qc4 34. Qd2 Rbd8 35. Re1 Kg7 36. Re3 Re7 37. Qe2 Qc7 38. Re1
Qa5 39. Qa2 Rc7 40. Qa3 Kf7 41. Qb4 Qxb4 42. cxb4 h5 43. Rb3 Rc2 44. a5 g4
45. b6 axb6 46. axb6 Rg8 47. fxg4 Be4 48. Rxe4 dxe4 49. b7 hxg4 50. Ra3 f5
51. Re3 Ke7 52. Re2 Rxe2 53. Bxe2 Rb8 54. Ba6 Kd6 55. Kf2 f4 56. g3 f3 57.
Ke3 Kd5 58. b5 e5 59. dxe5 Kxe5 60. b6 Kf5 61. Kd4 f2 62. Ke3 Rxb7 63. Kxf2
Rxb6 64. Bc8+ Kg5 65. Ke3 Rh6 66. Bb7 Rxh2 67. Bxe4 Ra2 68. Bd5 Ra3+ 69.
Kf2 Kf5 70. Bb7 Ke5 71. Bc8 Ra4 72. Bd7 Rd4 73. Bc8 Re4 74. Bb7 Rc4 75. Ke3
Rc3+ 76. Kf2 Kd4 77. Ba6 Rc2+ 78. Be2 Ke4 79. Ke1 Kf5 80. Bd3+ 1-0

[Event "Landsturneringen 2023"]
[Site "Vallhall, Oslo"]
[Date "2023.07.02"]
[Round "2"]
[White "Hestholm, Gustav"]
[Black "Morad, Hassen M"]
[Result "1-0"]
[WhiteElo "1944"]
[BlackElo "1862"]
[TimeControl "40/5400+30:1800+30"]
[BlackFideId "1555642"]
[WhiteFideId "1529153"]

1. e4 d6 2. d4 Nf6 3. Nc3 g6 4. f4 Bg7 5. Nf3 c5 6. dxc5 Qa5 7. Qd3 O-O 8.
Qb5 Qc7 9. cxd6 exd6 10. Bd3 a6 11. Qc4 Qa5 12. Bd2 b5 13. Qd4 Qc7 14. O-O
Ng4 15. e5 dxe5 16. Nd5 Qd6 17. Bb4 Qe6 18. Qe4 Nc6 19. Nc7 Qd7 20. Bxf8
Bxf8 21. Nxa8 Bc5+ 22. Kh1 Bb7 23. Qe1 Ne3 24. Be4 f5 25. Bxc6 Qxc6 26. Qd2
Bxa8 27. Qd8+ Kg7 28. fxe5 Nxf1 29. Rxf1 Be3 30. Qf6+ Qxf6 31. exf6+ Kxf6
32. Rd1 Be4 33. Rd6+ Ke7 34. Rxa6 Bxc2 35. Ne5 Bf4 36. Nc6+ Kd7 37. Nd4 Bd3
38. Ra7+ Kd6 39. Nf3 Bc1 40. b3 Bb1 41. Nd4 Be3 42. Nxb5+ Kc6 43. Re7 Bc5
44. Na7+ Kd5 45. Rxh7 Bxa2 46. Rb7 Bxa7 47. Rxa7 Bxb3 48. Rg7 Ke5 49. Rxg6
f4 50. Kg1 Bc4 51. Kf2 Bd3 52. Rg5+ Kf6 53. h4 Be4 54. Ra5 Bg6 55. Kf3 Be8
56. Kxf4 1-0

[Event "Landsturneringen 2023"]
[Site "Vallhall, Oslo"]
[Date "2023.07.02"]
[Round "2"]
[White "Engvik, Kim Andre"]
[Black "Engedal, Jo Frønsdal"]
[Result "1-0"]
[WhiteElo "1560"]
[BlackElo "1717"]
[TimeControl "40/5400+30:1800+30"]
[BlackFideId "1532332"]
[WhiteFideId "1566938"]

1. e4 c5 2. Nf3 d6 3. c3 Nf6 4. h3 g6 5. Bd3 Nc6 6. Bc2 Bg7 7. d4 cxd4 8.
cxd4 O-O 9. O-O Qc7 10. Nc3 a6 11. Re1 Rd8 12. Be3 b5 13. d5 Na5 14. Nd4
Bb7 15. Bd3 Nd7 16. Rc1 Nc4 17. Bxc4 bxc4 18. Na4 Ne5 19. b3 Rac8 20. f4
Nd3 21. Rxc4 Qa5 22. Re2 Rxc4 23. bxc4 Bxd4 24. Bxd4 Nxf4 25. Rb2 Qc7 26.
Bb6 Qxc4 27. Bxd8 Qxe4 28. Qf3 Qd4+ 29. Qf2 Qd1+ 30. Qf1 Qd4+ 31. Kh2 Bxd5
32. Bxe7 Qxa4 33. Bf6 Ne6 34. Rb8+ Nf8 35. Be7 Bxg2 36. Qf6 1-0

[Event "Landsturneringen 2023"]
[Site "Vallhall, Oslo"]
[Date "2023.07.02"]
[Round "2"]
[White "Antonsen, Peder"]
[Black "Hansen, Thobias Gotaas"]
[Result "0-1"]
[WhiteElo "1536"]
[BlackElo "1689"]
[TimeControl "40/5400+30:1800+30"]
[BlackFideId "1548530"]
[WhiteFideId "1579495"]

1. e4 e5 2. Nf3 Nc6 3. d4 d6 4. d5 Nce7 5. Be3 Nf6 6. Nbd2 h6 7. h3 g6 8.
Bd3 Bg7 9. O-O Bd7 10. c4 b6 11. b4 O-O 12. c5 Ne8 13. Nb3 f5 14. cxd6 cxd6
15. Bc1 Nf6 16. Nfd2 Rc8 17. Bb2 f4 18. Qe2 g5 19. Ba6 Rc2 20. Rab1 h5 21.
Bd3 Rc7 22. Rbc1 Ng6 23. Rxc7 Qxc7 24. Rc1 Qd8 25. Bb5 g4 26. Bxd7 Qxd7 27.
hxg4 f3 28. Qxf3 Nxg4 29. Qe2 Rxf2 30. Qxf2 Nxf2 31. Kxf2 Nf4 32. Rc3 Qg4
33. g3 0-1

[Event "Landsturneringen 2023"]
[Site "Vallhall, Oslo"]
[Date "2023.07.02"]
[Round "2"]
[White "Langvik, Ulrikke"]
[Black "Sveggen, Amadeus S."]
[Result "1/2-1/2"]
[WhiteElo "1698"]
[BlackElo "1517"]
[TimeControl "40/5400+30:1800+30"]
[BlackFideId "1567853"]
[WhiteFideId "1517910"]

1. d4 Nf6 2. Nf3 e6 3. e3 d5 4. Bd3 Nbd7 5. O-O c5 6. b3 Qc7 7. Nbd2 Bd6 8.
Bb2 e5 9. dxe5 Nxe5 10. Nxe5 Bxe5 11. Bxe5 Qxe5 12. Nf3 Qc7 13. c4 dxc4 14.
Bxc4 O-O 15. Rc1 a6 16. Qc2 Qe7 17. Ng5 b6 18. Rfe1 h6 19. Nf3 Bb7 20. Nd2
Ne4 21. f3 Nxd2 22. Qxd2 b5 23. Bf1 Rfd8 24. Qc2 Rac8 25. e4 Rc7 26. Re3
Qg5 27. Rc3 Rd2 28. Qb1 f5 29. e5 Qf4 30. e6 Qe5 31. Rd3 Rxd3 32. Qxd3 Qxe6
33. a4 Qd5 34. Qe3 Qc6 35. axb5 axb5 36. Bd3 Bc8 37. Qe5 c4 38. bxc4 Qc5+
39. Qxc5 Rxc5 40. Kf2 Be6 41. Ke3 bxc4 42. Bf1 Kf7 43. Kd4 Rc8 44. Bxc4
Rxc4+ 45. Rxc4 Bxc4 46. Kxc4 Ke6 47. Kd4 Kd6 48. h4 g6 49. f4 h5 50. g3 Ke6
51. Kc5 Ke7 52. Kd5 1/2-1/2

[Event "Landsturneringen 2023"]
[Site "Vallhall, Oslo"]
[Date "2023.07.03"]
[Round "3"]
[White "Ytrestøyl, Sindre Lyngsaunet"]
[Black "Kreken, Eivind Grunt"]
[Result "0-1"]
[WhiteElo "2061"]
[BlackElo "2101"]
[TimeControl "40/5400+30:1800+30"]
[BlackFideId "1532359"]
[WhiteFideId "1547356"]

1. b3 d5 2. Bb2 Nf6 3. Nf3 Bf5 4. e3 e6 5. c4 h6 6. Nc3 c6 7. Rc1 Nbd7 8.
d4 Ne4 9. Nxe4 Bxe4 10. Nd2 Bh7 11. Be2 Bd6 12. O-O O-O 13. Re1 a5 14. Nf1
a4 15. Bd3 Bxd3 16. Qxd3 axb3 17. axb3 Nf6 18. f3 Ba3 19. Rc2 Bxb2 20. Rxb2
Qb6 21. b4 Ra4 22. c5 Qa7 23. b5 b6 24. Rc1 cxb5 25. Qxb5 bxc5 26. dxc5 Rc8
27. c6 Ne8 28. Rcc2 Nd6 29. Qc5 Qxc5 30. Rxc5 Rc4 31. Rc2 Rxc2 32. Rxc2 Nb5
33. Rc5 Na7 34. c7 Kf8 35. Ng3 Ke7 36. e4 Kd6 37. Rc1 g6 38. Rd1 Rxc7 39.
exd5 exd5 40. h4 h5 41. Ne4+ Ke5 42. Ng5 Rd7 43. Kf2 Nb5 44. Ke3 Nd6 45. g4
Nc4+ 46. Kf2 d4 47. gxh5 gxh5 48. Re1+ Kf5 49. Ne4 d3 50. Ng3+ Kg6 51. Rg1
d2 52. Ne4+ Kf5 53. Ng3+ Ke6 54. Ke2 Nb2 55. Rd1 Nxd1 56. Kxd1 Rd5 57. Ne4
Ke5 58. Ng5 Rd7 59. Nh7 f6 60. Nf8 Rf7 0-1

[Event "Landsturneringen 2023"]
[Site "Vallhall, Oslo"]
[Date "2023.07.03"]
[Round "3"]
[White "Amundsen, Ask"]
[Black "Wernberg, Nikolai Olsen"]
[Result "0-1"]
[WhiteElo "1918"]
[BlackElo "1685"]
[TimeControl "40/5400+30:1800+30"]
[BlackFideId "1542770"]
[WhiteFideId "1528726"]

1. e4 c5 2. Nf3 e6 3. c3 d5 4. exd5 Qxd5 5. d4 Nf6 6. Be2 cxd4 7. cxd4 Be7
8. O-O O-O 9. Nc3 Qd6 10. Nb5 Qd8 11. Bf4 Nd5 12. Bxb8 Rxb8 13. Nxa7 Bd7
14. Nb5 Nf4 15. Bc4 Bc6 16. Nc3 Bf6 17. Re1 Qb6 18. Ne4 Be7 19. Ne5 Qxb2
20. Qg4 Nd5 21. Rab1 Qa3 22. Ng3 Nf6 23. Qf4 Bd5 24. Bd3 Qxa2 25. h4 Qa5
26. Ng4 Qd8 27. h5 Nxg4 28. Qxg4 Bf6 29. Rb5 Bc6 30. Rb4 Qa5 31. Reb1 Qg5
32. Qe2 Be7 33. R4b2 Rfd8 34. Ne4 Qh6 35. Qg4 f5 36. Qf3 Rxd4 37. Qg3 Rbd8
38. Rc2 fxe4 39. Be2 Qg5 40. Qc7 e3 41. f3 Bd6 42. Qb6 Qh4 43. Bc4 Qh2+ 44.
Kf1 Qh1+ 45. Ke2 Qxg2+ 46. Ke1 Bg3+ 0-1

[Event "Landsturneringen 2023"]
[Site "Vallhall, Oslo"]
[Date "2023.07.03"]
[Round "3"]
[White "Skaar, Ben Samuel Groth"]
[Black "Morad, Haider M"]
[Result "1-0"]
[WhiteElo "2161"]
[BlackElo "1859"]
[TimeControl "40/5400+30:1800+30"]
[BlackFideId "1555634"]
[WhiteFideId "1552660"]

1. e4 c6 2. Nc3 d5 3. Nf3 dxe4 4. Nxe4 Nf6 5. Qe2 Nxe4 6. Qxe4 Nd7 7. Bc4
Nf6 8. Ne5 e6 9. Qe2 b5 10. Bd3 Bb7 11. b3 Bd6 12. Bb2 Qc7 13. O-O h5 14.
a4 b4 15. Rae1 O-O-O 16. f4 Ng4 17. Nxg4 hxg4 18. Qxg4 Bc5+ 19. Kh1 Qe7 20.
Qg5 Rd5 21. Qxe7 Bxe7 22. Bxg7 Rg8 23. f5 Bh4 24. Re4 Rxg7 25. Rxh4 c5 26.
Rh8+ Kc7 27. f6 Rxg2 28. Kxg2 Rh5+ 29. Kg3 Rxh8 30. Rf4 Kd6 31. Rf2 Rg8+
32. Kh4 Ke5 33. Kh5 Rh8+ 34. Kg5 Bd5 35. h4 Kd6 36. h5 e5 37. h6 e4 38. Bc4
Be6 39. Rf4 Rg8+ 40. Kh5 Ke5 41. Bxe6 Kxf4 42. h7 Rh8 43. Kh6 Ke5 44. Bxf7
Kxf6 45. Bg8 a5 46. Bc4 Kf5 47. Kg7 Rd8 48. h8=Q Rxh8 49. Kxh8 Kf4 50. Kg7
e3 51. dxe3+ Kxe3 52. Kf6 Kd2 53. Ke5 1-0

[Event "Landsturneringen 2023"]
[Site "Vallhall, Oslo"]
[Date "2023.07.03"]
[Round "3"]
[White "Stolp, Aleksander"]
[Black "Hestholm, Gustav"]
[Result "0-1"]
[WhiteElo "1846"]
[BlackElo "1944"]
[TimeControl "40/5400+30:1800+30"]
[BlackFideId "1529153"]
[WhiteFideId "1541501"]

1. e4 c5 2. Nf3 d6 3. d4 cxd4 4. Nxd4 Nf6 5. Nc3 Nc6 6. Bg5 e6 7. Qd2 a6 8.
O-O-O Bd7 9. Kb1 Be7 10. Nxc6 Bxc6 11. f3 Qc7 12. h4 Rd8 13. Ne2 h6 14. Be3
e5 15. Nc3 d5 16. exd5 Bxd5 17. Nxd5 Nxd5 18. Bd3 O-O 19. Qe2 b5 20. Be4
Nxe3 21. Rxd8 Rxd8 22. Qxe3 Bxh4 23. Bd3 Bg5 24. Qe4 g6 25. g3 Kg7 26. c3
Qd6 27. Rd1 f5 28. Qe2 Bf6 29. g4 e4 30. fxe4 f4 31. Bc2 Qe5 32. Rxd8 Bxd8
33. Qd3 Be7 34. Bd1 Kf6 35. Bf3 Kg5 36. Kc2 Qc5 37. Kd1 Qe3 38. Qxe3 fxe3
39. Ke2 Kf4 40. b3 Bg5 41. c4 bxc4 42. bxc4 Be7 43. e5 a5 44. e6 Bc5 45. a4
g5 46. Bc6 Kxg4 47. e7 Bxe7 48. Kxe3 Kg3 49. Kd4 h5 50. c5 h4 51. Be4 Kf4
52. Bh1 g4 53. c6 Bd8 54. Kd5 h3 55. Kd6 g3 56. Kd7 Bb6 57. c7 Bxc7 58.
Kxc7 g2 59. Bxg2 hxg2 0-1

[Event "Landsturneringen 2023"]
[Site "Vallhall, Oslo"]
[Date "2023.07.03"]
[Round "3"]
[White "Sandstad, Linus"]
[Black "Antonsen, Peder"]
[Result "1-0"]
[WhiteElo "1919"]
[BlackElo "1536"]
[TimeControl "40/5400+30:1800+30"]
[BlackFideId "1579495"]
[WhiteFideId "1552376"]

1. d4 Nf6 2. c4 g6 3. Nc3 Bg7 4. e4 d6 5. Be2 O-O 6. Be3 e5 7. d5 a5 8. Qd2
Na6 9. f3 Nd7 10. g4 Ndc5 11. Bg5 Qe8 12. Bh6 c6 13. h4 Nb4 14. Bxg7 Kxg7
15. h5 Qe7 16. hxg6 fxg6 17. Nh3 Qh4+ 18. Nf2 Qe7 19. Bd1 cxd5 20. exd5 Bd7
21. a3 Nba6 22. Qe3 Nc7 23. Bc2 Rf4 24. O-O-O b5 25. Nd3 Rxc4 26. Nxc5 Rxc5
27. Qh6+ Kg8 28. Bxg6 hxg6 29. Qh8+ Kf7 30. Rh7# 1-0

[Event "Landsturneringen 2023"]
[Site "Vallhall, Oslo"]
[Date "2023.07.03"]
[Round "3"]
[White "Morad, Hassen M"]
[Black "Engvik, Kim Andre"]
[Result "1-0"]
[WhiteElo "1862"]
[BlackElo "1560"]
[TimeControl "40/5400+30:1800+30"]
[BlackFideId "1566938"]
[WhiteFideId "1555642"]

1. e4 c5 2. d4 cxd4 3. c3 dxc3 4. Nxc3 d6 5. Bc4 Nc6 6. Nf3 Nf6 7. e5 dxe5
8. Qxd8+ Nxd8 9. Nb5 Rb8 10. Nxe5 e6 11. Nc7+ Ke7 12. O-O Nd7 13. Bf4 Nxe5
14. Bxe5 Nc6 15. Bg3 Bd7 16. Rfe1 Kf6 17. Rac1 Rc8 18. Red1 Nb8 19. Bb5
Bxb5 20. Nd5+ exd5 21. Rxc8 Nc6 22. Rxd5 Bc4 23. Bh4+ Ke6 24. Rd1 Bxa2 25.
Re1+ Kd7 26. Ree8 Be6 27. Rxf8 Rxf8 28. Rxf8 g6 29. f3 h5 30. Kf2 a5 31.
Ke3 b5 32. Be1 Ne5 33. Kd4 Nc6+ 34. Kc5 Bc4 35. Bg3 Nd8 36. Rh8 Bf1 37. Bh4
Ne6+ 38. Kb6 Bxg2 39. Kxb5 Bxf3 40. Kxa5 g5 41. Bf2 Ke7 42. b4 Kf6 43. b5
Kf5 44. b6 Kg4 45. Ka6 Nf4 46. b7 Bxb7+ 47. Kxb7 h4 48. Kc6 Kf3 49. Bxh4
gxh4 50. Rxh4 f5 51. Rh7 Kg4 52. Kd6 Nh3 1-0

[Event "Landsturneringen 2023"]
[Site "Vallhall, Oslo"]
[Date "2023.07.03"]
[Round "3"]
[White "Sveggen, Amadeus S."]
[Black "Engedal, Jo Frønsdal"]
[Result "0-1"]
[WhiteElo "1517"]
[BlackElo "1717"]
[TimeControl "40/5400+30:1800+30"]
[BlackFideId "1532332"]
[WhiteFideId "1567853"]

1. f4 c5 2. Nf3 d5 3. g3 Nc6 4. b3 Nf6 5. Bg2 e6 6. Bb2 d4 7. O-O Be7 8.
Qe1 O-O 9. e3 Rb8 10. Ne5 Qd6 11. exd4 Nxd4 12. Na3 Qc7 13. c3 Nf5 14. g4
Nd6 15. Rf3 b5 16. Rh3 Nd5 17. Qg3 c4 18. Rf1 Ba6 19. f5 b4 20. Naxc4 Nxc4
21. bxc4 bxc3 22. Bxc3 Nxc3 23. Qxc3 Bf6 24. d4 Bxe5 25. dxe5 Qxc4 26. Qe3
Rb2 27. f6 Rxg2+ 28. Kxg2 Qxf1+ 29. Kg3 Rd8 30. Qxa7 Rd3+ 31. Kh4 Rxh3+ 32.
Kg5 0-1